PCL
SAN JOSE MISSIONS @ HOUSTON HAMMERTIME
05/01/2029
 
TOP OF THE 1ST
San Jose Missions batting - Pitching for Houston Hammertime : RHP António Galindo
Pitching: RHP António Galindo
Batting: LHB Mel Jones 0-0: Foul Ball, location: 2F
0-1: Swinging Strike
0-2: Ball
1-2: Strikes out swinging
Batting: RHB Jaime Spiridon 0-0: Ball
1-0: Foul Ball, location: 2F
1-1: Swinging Strike
1-2: Foul Ball, location: 2F
1-2: Strikes out swinging
Batting: RHB Dale Taylor 0-0: Called Strike
0-1: Foul Ball, location: 2F
0-2: Foul Ball, location: 2F
0-2: Ball
1-2: Foul Ball, location: 2F
1-2: Ball
2-2: Strikes out looking
Top of the 1st over - 0 runs, 0 hits, 0 errors, 0 left on base; San Jose 0 - Houston 0
BOTTOM OF THE 1ST
Houston Hammertime batting - Pitching for San Jose Missions : RHP Rafael Ressureio
Pitching: RHP Rafael Ressureio
Batting: LHB David Adams 0-0: Ball
1-0: Ball
2-0: Called Strike
2-1: Ball
3-1: Called Strike
3-2: Strikes out swinging
Batting: RHB José García 0-0: Called Strike
0-1: Foul Ball, location: 2F
0-2: Ground out 4-3 (Groundball, 4)
Batting: LHB Francisco Cardenas 0-0: Called Strike
0-1: Foul Ball, location: 2F
0-2: Foul Ball, location: 2F
0-2: Ball
1-2: Ball
2-2: SINGLE (Line Drive, 6MD)
Batting: RHB Alfredo Cortéz 0-0: Called Strike
0-1: Fly out, F7 (Flyball, 78S)
Bottom of the 1st over - 0 runs, 1 hit, 0 errors, 1 left on base; San Jose 0 - Houston 0
TOP OF THE 2ND
San Jose Missions batting - Pitching for Houston Hammertime : RHP António Galindo
Batting: LHB Alberto Gómez 0-0: Ball
1-0: Called Strike
1-1: Ball
2-1: Ball
3-1: Foul Ball, location: 2F
3-2: Base on Balls
Batting: RHB Jorge Díaz 0-0: Ball
1-0: Ball
Throwing error on steal attempt, E2
Alberto Gómez to third
2-0: Fly out, F9 (Flyball, 9LM)
Runner from 3rd tags up, SCORES, throw made
Batting: RHB Ed Starr 0-0: Called Strike
0-1: Ball
1-1: Called Strike
1-2: Strikes out swinging
Batting: RHB Irwin Duncan 0-0: Ball
1-0: SINGLE (Line Drive, 7LS)
Batting: RHB Peyton Pennington 0-0: Ball
1-0: Called Strike
1-1: Called Strike
1-2: Ball
2-2: Ball
3-2: Fly out, F9 (Flyball, 9D)
Top of the 2nd over - 1 run, 1 hit, 1 error, 1 left on base; San Jose 1 - Houston 0
BOTTOM OF THE 2ND
Houston Hammertime batting - Pitching for San Jose Missions : RHP Rafael Ressureio
Batting: RHB Dan Mason 0-0: Ball
1-0: Ball
2-0: Foul Ball, location: 2F
2-1: Foul Ball, location: 2F
2-2: Ball
3-2: Strikes out swinging
Batting: RHB Ron Elazar 0-0: Swinging Strike
0-1: Foul Ball, location: 2F
0-2: Ball
1-2: Foul Ball, location: 2F
1-2: Ball
2-2: Fly out, F9 (Flyball, 9D)
Batting: LHB Raúl Casillán 0-0: Ball
1-0: Foul Ball, location: 2F
1-1: Swinging Strike
1-2: Ground out U3 (Groundball, 3L)
Bottom of the 2nd over - 0 runs, 0 hits, 0 errors, 0 left on base; San Jose 1 - Houston 0
TOP OF THE 3RD
San Jose Missions batting - Pitching for Houston Hammertime : RHP António Galindo
Batting: LHB Wilson Vecino 0-0: Foul Ball, location: 2F
0-1: Called Strike
0-2: Foul Ball, location: 2F
0-2: Ball
1-2: Ball
2-2: Ball
3-2: Ground out 3-1 (Groundball, 34)
Batting: LHB Mel Jones 0-0: Called Strike
0-1: Ball
1-1: Swinging Strike
1-2: Foul Ball, location: 2F
1-2: Foul Ball, location: 2F
1-2: Ball
2-2: Strikes out swinging
Batting: RHB Jaime Spiridon 0-0: Ball
1-0: Ball
2-0: Called Strike
2-1: Foul Ball, location: 2F
2-2: Strikes out looking
Top of the 3rd over - 0 runs, 0 hits, 0 errors, 0 left on base; San Jose 1 - Houston 0
BOTTOM OF THE 3RD
Houston Hammertime batting - Pitching for San Jose Missions : RHP Rafael Ressureio
Batting: RHB David Hernández 0-0: Ball
1-0: Foul Ball, location: 2F
1-1: Fly out, F8 (Flyball, 8LXD)
Batting: RHB Dan Hooper 0-0: Foul Ball, location: 2F
0-1: Ball
1-1: Called Strike
1-2: Strikes out swinging passed ball, reaches first!
Batting: LHB David Adams 0-0: Fly out, F7 (Line Drive, 7)
Batting: RHB José García 0-0: 2-RUN HOME RUN (Flyball, 7LD), Distance : 336 ft
Batting: LHB Francisco Cardenas 0-0: Called Strike
0-1: Ball
1-1: DOUBLE (Line Drive, 7D)
Batting: RHB Alfredo Cortéz 0-0: Ball
1-0: Swinging Strike
1-1: Foul Ball, location: 2F
1-2: Strikes out looking
Bottom of the 3rd over - 2 runs, 2 hits, 0 errors, 1 left on base; San Jose 1 - Houston 2
TOP OF THE 4TH
San Jose Missions batting - Pitching for Houston Hammertime : RHP António Galindo
Batting: RHB Dale Taylor 0-0: Fly out, F8 (Flyball, 8RM)
Batting: LHB Alberto Gómez 0-0: Called Strike
0-1: Reached on error, E5 (Groundball, 56)
Batting: RHB Jorge Díaz 0-0: Called Strike
0-1: Foul Ball, location: 2F
0-2: Ball
1-2: Ball
2-2: Strikes out looking
Batting: RHB Ed Starr 0-0: Ball
1-0: Foul Ball, location: 2F
1-1: Ball
2-1: Ball
3-1: Called Strike
3-2: Base on Balls
Alberto Gómez to second
Batting: RHB Irwin Duncan 0-0: Ball
1-0: Foul Ball, location: 2F
1-1: Foul Ball, location: 2F
1-2: SINGLE (Groundball, 6MD)
Alberto Gómez to third
Ed Starr to second
Runner from 3rd tries for Home, SAFE, throw made home
Batting: RHB Peyton Pennington 0-0: Called Strike
0-1: Ball
1-1: Ball
2-1: Fielders Choice at 2nd, 6-4 (Groundball, 56)
Top of the 4th over - 1 run, 1 hit, 1 error, 2 left on base; San Jose 2 - Houston 2
BOTTOM OF THE 4TH
Houston Hammertime batting - Pitching for San Jose Missions : RHP Rafael Ressureio
Batting: RHB Dan Mason 0-0: Called Strike
0-1: Ball
1-1: Swinging Strike
1-2: DOUBLE (Line Drive, 78XD)
Pitching: RHP David Bates
Batting: RHB Ron Elazar 0-0: Ball
1-0: Ball
2-0: Called Strike
2-1: Ball
3-1: Base on Balls
Batting: LHB Raúl Casillán 0-0: Foul Ball, location: 2F
0-1: Called Strike
0-2: Foul Ball, location: 2F
0-2: Ball
1-2: 3-RUN HOME RUN (Flyball, 9D), Distance : 348 ft
Batting: RHB David Hernández 0-0: Called Strike
0-1: Fly out, F6 (Popup, 6)
Batting: RHB Dan Hooper 0-0: Ground out 4-3 (Groundball, 34)
Batting: LHB David Adams 0-0: Ball
1-0: Foul Ball, location: 2F
1-1: Fly out, F8 (Flyball, 8LM)
Bottom of the 4th over - 3 runs, 2 hits, 0 errors, 0 left on base; San Jose 2 - Houston 5
TOP OF THE 5TH
San Jose Missions batting - Pitching for Houston Hammertime : RHP António Galindo
Batting: LHB Wilson Vecino 0-0: Ball
1-0: Foul Ball, location: 2F
1-1: Called Strike
1-2: Foul Ball, location: 2F
1-2: Foul Ball, location: 2F
1-2: Ball
2-2: Ball
3-2: Strikes out swinging
Batting: LHB Mel Jones 0-0: Ground out 4-3 (Groundball, 4)
Batting: RHB Jaime Spiridon 0-0: SINGLE (Groundball, 56D)
Batting: RHB Dale Taylor 0-0: Called Strike
0-1: Ball
1-1: Foul Ball, location: 2F
1-2: Ball
2-2: Fielders Choice at 2nd, 5-4 (Groundball, 56)
Top of the 5th over - 0 runs, 1 hit, 0 errors, 1 left on base; San Jose 2 - Houston 5
BOTTOM OF THE 5TH
Houston Hammertime batting - Pitching for San Jose Missions : RHP David Bates
Batting: RHB José García 0-0: Called Strike
0-1: Ball
1-1: Foul Ball, location: 2F
1-2: SINGLE (Flyball, 89M)
Batting: LHB Francisco Cardenas 0-0: Called Strike
0-1: Ball
José García is caught stealing 2nd base
1-1: Foul Ball, location: 2F
1-2: Foul Ball, location: 2F
1-2: Foul Ball, location: 2F
1-2: Ball
2-2: Ball
3-2: Base on Balls
Pitching: LHP Joe Barnes
Batting: RHB Alfredo Cortéz 0-0: Ball
1-0: Ball
2-0: Called Strike
2-1: Ball
3-1: Foul Ball, location: 2F
3-2: Base on Balls
Francisco Cardenas to second
Batting: RHB Dan Mason 0-0: Ball
1-0: Called Strike
1-1: Swinging Strike
1-2: Ball
2-2: Strikes out swinging
Batting: RHB Ron Elazar 0-0: Called Strike
0-1: Fly out, F7 (Flyball, 7)
Bottom of the 5th over - 0 runs, 1 hit, 0 errors, 2 left on base; San Jose 2 - Houston 5
TOP OF THE 6TH
San Jose Missions batting - Pitching for Houston Hammertime : RHP António Galindo
Batting: LHB Alberto Gómez 0-0: Swinging Strike
0-1: Swinging Strike
0-2: Ball
1-2: Ball
2-2: Foul Ball, location: 2F
2-2: Foul Ball, location: 2F
2-2: Ball
3-2: Strikes out swinging
Batting: RHB Jorge Díaz 0-0: Ball
1-0: Foul Ball, location: 2F
1-1: Swinging Strike
1-2: SINGLE (Groundball, 6D)
Batting: RHB Ed Starr 0-0: Called Strike
0-1: Foul Ball, location: 2F
0-2: Ball
1-2: Ground out U3 (Groundball, 34S)
Jorge Díaz to second
Batting: RHB Irwin Duncan 0-0: Ball
1-0: Fly out, F8 (Flyball, 8RM)
Top of the 6th over - 0 runs, 1 hit, 0 errors, 1 left on base; San Jose 2 - Houston 5
BOTTOM OF THE 6TH
Houston Hammertime batting - Pitching for San Jose Missions : LHP Joe Barnes
Batting: LHB Raúl Casillán 0-0: Ball
1-0: Foul Ball, location: 2F
1-1: SOLO HOME RUN (Flyball, 9D), Distance : 356 ft
Batting: RHB David Hernández 0-0: Ball
1-0: Ball
2-0: Ball
3-0: Base on Balls
Batting: RHB Dan Hooper 0-0: Ball
1-0: DOUBLE (Flyball, 8RXD)
David Hernández to third
Runner from 3rd tries for Home, SAFE, no throw
Batting: LHB David Adams Balk!
Dan Hooper to third
0-0: Ball
1-0: Ball
2-0: Swinging Strike
2-1: SINGLE (Groundball, 4MD)
Dan Hooper scores
Batting: RHB José García 0-0: Called Strike
0-1: Fielders Choice at 2nd, 4-6 (Groundball, 4)
Batting: LHB Francisco Cardenas 0-0: Ball
José García is caught stealing 2nd base
1-0: Ball
2-0: Called Strike
2-1: Called Strike
2-2: SINGLE (Line Drive, 6D)
Batting: RHB Alfredo Cortéz 0-0: Swinging Strike
0-1: SINGLE (Line Drive, 56D)
Francisco Cardenas to second
Batting: RHB Dan Mason 0-0: Foul Ball, location: 2F
0-1: Ball
1-1: Foul Ball, location: 2F
1-2: Ball
2-2: Fly out, F3 (Line Drive, 3S)
Bottom of the 6th over - 3 runs, 5 hits, 0 errors, 2 left on base; San Jose 2 - Houston 8
TOP OF THE 7TH
San Jose Missions batting - Pitching for Houston Hammertime : RHP António Galindo
Batting: RHB Peyton Pennington 0-0: Ball
1-0: Swinging Strike
1-1: Called Strike
1-2: Strikes out swinging
Batting: LHB Wilson Vecino 0-0: Ball
1-0: Ball
2-0: Swinging Strike
2-1: Swinging Strike
2-2: Ball
3-2: Strikes out swinging
Batting: LHB Mel Jones 0-0: Called Strike
0-1: Ball
1-1: Ball
2-1: DOUBLE (Line Drive, 9D)
Batting: RHB Jaime Spiridon 0-0: Foul Ball, location: 2F
0-1: Foul Ball, location: 2F
0-2: Foul Ball, location: 2F
0-2: Ball
1-2: Ball
2-2: Ground out 6-3 (Groundball, 6)
Top of the 7th over - 0 runs, 1 hit, 0 errors, 1 left on base; San Jose 2 - Houston 8
BOTTOM OF THE 7TH
Houston Hammertime batting - Pitching for San Jose Missions : LHP Joe Barnes
Batting: RHB Ron Elazar 0-0: Ball
1-0: Ball
2-0: Called Strike
2-1: Foul Ball, location: 2F
2-2: Fly out, F9 (Flyball, 9S)
Batting: LHB Raúl Casillán 0-0: Ball
1-0: Called Strike
1-1: Ball
2-1: Ball
3-1: Foul Ball, location: 2F
3-2: Base on Balls
Batting: RHB David Hernández 0-0: Ball
1-0: SINGLE (Groundball, 6MD)
Raúl Casillán to second
Batting: RHB Dan Hooper 0-0: Ball
1-0: Grounds into double play, 6-4-3 (Groundball, 6D)
Bottom of the 7th over - 0 runs, 1 hit, 0 errors, 1 left on base; San Jose 2 - Houston 8
TOP OF THE 8TH
San Jose Missions batting - Pitching for Houston Hammertime : RHP António Galindo
Batting: RHB Dale Taylor 0-0: Ground out 6-3 (Groundball, 6S)
Batting: LHB Alberto Gómez 0-0: Called Strike
0-1: Ball
1-1: Ball
2-1: Foul Ball, location: 2F
2-2: Ball
3-2: Foul Ball, location: 2F
3-2: SOLO HOME RUN (Flyball, 7LD), Distance : 354 ft
Batting: RHB Jorge Díaz 0-0: Ball
1-0: Ball
2-0: Called Strike
2-1: Ball
3-1: SINGLE (Line Drive, 8RS)
Batting: RHB Ed Starr 0-0: Called Strike
0-1: Swinging Strike
0-2: Ball
1-2: Ball
2-2: Foul Ball, location: 2F
2-2: Foul Ball, location: 2F
2-2: Ball
3-2: Grounds into double play, 1-4-3 (Groundball, 15)
Top of the 8th over - 1 run, 2 hits, 0 errors, 0 left on base; San Jose 3 - Houston 8
BOTTOM OF THE 8TH
Houston Hammertime batting - Pitching for San Jose Missions : LHP Joe Barnes
Batting: LHB David Adams 0-0: Ball
1-0: Ball
2-0: Swinging Strike
2-1: Foul Ball, location: 2F
2-2: Strikes out swinging
Batting: RHB José García 0-0: Called Strike
0-1: Fly out, F9 (Flyball, 9S)
Batting: LHB Francisco Cardenas 0-0: Called Strike
0-1: Foul Ball, location: 2F
0-2: Ball
1-2: Ball
2-2: SINGLE (Groundball, 6D)
Pitching: RHP Larry West
Batting: RHB Alfredo Cortéz 0-0: Called Strike
0-1: Ball
1-1: Foul Ball, location: 2F
1-2: Foul Ball, location: 2F
1-2: Ball
2-2: Foul Ball, location: 2F
2-2: Ball
3-2: Base on Balls
Francisco Cardenas to second
Batting: RHB Dan Mason 0-0: Called Strike
0-1: Fly out, F4 (Line Drive, 4M)
Bottom of the 8th over - 0 runs, 1 hit, 0 errors, 2 left on base; San Jose 3 - Houston 8
TOP OF THE 9TH
San Jose Missions batting - Pitching for Houston Hammertime : RHP António Galindo
Now at C: Victor Andrews
Batting: RHB Irwin Duncan 0-0: SINGLE (Flyball, 89S)
Batting: RHB Peyton Pennington 0-0: Ball
1-0: Fly out, F8 (Flyball, 89M)
Batting: LHB Wilson Vecino 0-0: Ball
1-0: Ball
2-0: Foul Ball, location: 2F
2-1: Called Strike
2-2: Ball
3-2: Foul Ball, location: 2F
3-2: Base on Balls
Irwin Duncan to second
Batting: LHB Mel Jones 0-0: Ball
1-0: Called Strike
1-1: Ball
2-1: SINGLE (Groundball, 6D)
Irwin Duncan to third
Wilson Vecino to second
Pitching: RHP Russell Cooper
Batting: RHB Jaime Spiridon 0-0: Ball
1-0: Grounds into double play, 6-4-3 (Groundball, 6)
Top of the 9th over - 0 runs, 2 hits, 0 errors, 2 left on base; San Jose 3 - Houston 8
Saturday, December 16th, 2017 - OOTP Baseball 18.8 Build 76